 Dungeon Crawl Stone Soup version 0.31.0-9-g3a7656b989 (webtiles) character file.

Game seed: 12620852930932443922

137 Kass the Shooter (level 5, 0/32 HPs)
             Began as a Kobold Hunter on Jan 30, 2024.
             Was a Follower of Lugonu.
             Slain by an orc wizard
             ... wielding a +0 dagger of flaming
              (3 damage)
             ... on level 4 of the Dungeon.
             The game lasted 00:07:04 (2352 turns).

Kass the Shooter (Kobold Hunter)                    Turns: 2352, Time: 00:07:05

Health: 0/32       AC:  3    Str:  8    XL:     5   Next: 43%
Magic:  5/5        EV: 15    Int: 11    God:    Lugonu [*.....]
Gold:   182        SH:  0    Dex: 20    Spells: 4/4 levels left

rFire   . . .        a - +0 shortbow
rCold   . . .        (shield currently unavailable)
rNeg    . . .        c - +0 leather armour
rPois   .            (no helmet)
rElec   .            (no cloak)
rCorr   .            (no gloves)
SInv    .            (no boots)
Will    .....        (no amulet)
Stlth   ++           (no ring)
HPRegen 0.25/turn    (no ring)
MPRegen 0.09/turn

%: no passive effects
@: confused
A: small, no large weapons, nightstalker 3
a: Renounce Religion, Depart the Abyss


You were on level 4 of the Dungeon.
You worshipped Lugonu.
Lugonu was aware of your devotion.
You visited 1 branch of the dungeon, and saw 4 of its levels.

You collected 182 gold pieces.

Inventory:

Hand Weapons
 a - a +0 shortbow (weapon)
 e - a +3 dagger
Armour
 c - a +0 leather armour (worn)
Jewellery
 n - a ring of willpower
Scrolls
 b - a scroll of butterflies
 d - a scroll of brand weapon {unknown}
 g - a scroll of amnesia {unknown}
 i - a scroll of noise {unknown}
 j - a scroll of immolation {unknown}
 k - 2 scrolls of fear {unknown}
 m - 2 scrolls of teleportation {unknown}
 o - a scroll of identify {unknown}
 p - a scroll of revelation {unknown}
Potions
 l - 2 potions of magic


   Skills:
 + Level 3.4 Fighting
 + Level 6.2 Ranged Weapons
 + Level 3.7 Dodging
 + Level 3.6 Stealth


You had 4 spell levels left.
You didn't know any spells.
Your spell library contained the following spells:

 Spells                   Type           Power      Damage    Failure   Level
 Call Imp                 Summ           0%         N/A       61%         2
 Sublimation of Blood     Necr           0%         N/A       61%         2
 Summon Hydra             Summ           0%         N/A       100%        7


Dungeon Overview and Level Annotations

Branches:
Dungeon (4/15)
 Temple: D:4-7

Altars:
Lugonu


Innate Abilities, Weirdness & Mutations

You are small and have problems with some larger weapons.
You are completely attuned to the shadows.


Message History

You hear some strange, mumbled words.
A magic dart appears from out of thin air!
The magic dart hits you.
You bump into the rock wall.
Something hits you but does no damage.
You bump into the rock wall.
You feel less confused. Something barely misses you.
You start resting.
Something hits you but does no damage.
You hear some strange, mumbled words.
You are confused.
Non-targeted confused fire: a) +0 shortbow
Press: ? - help, Q - select action, (/) - cycle Dir - look around, f - activate You shoot an arrow.
You hear some strange, mumbled words.
You are more confused.
You hear some strange, mumbled words.
Something tries to affect you, but you resist.
You bump into the rock wall.
You hear some strange, mumbled words.
A puff of flame appears from out of thin air!
The puff of flame misses you.
Non-targeted confused fire: a) +0 shortbow
Press: ? - help, Q - select action, (/) - cycle Dir - look around, f - activate You shoot an arrow.
Non-targeted confused fire: a) +0 shortbow
Press: ? - help, Q - select action, (/) - cycle Dir - look around, f - activate You shoot an arrow.
Something hits you but does no damage.
Non-targeted confused fire: a) +0 shortbow
Press: ? - help, Q - select action, (/) - cycle Dir - look around, f - activate You shoot an arrow.
You hear some strange, mumbled words.
A magic dart appears from out of thin air!
The magic dart hits you!
* * * LOW HITPOINT WARNING * * *
Non-targeted confused fire: a) +0 shortbow
Press: ? - help, Q - select action, (/) - cycle Dir - look around, f - activate You shoot an arrow.
Something hits you.
You die...

.#. ... ... #.#
... #.# #######.+
..# #@#.#....{.#
..$≈ #..
#{#.#.####.# ...≈
###.######.#.#.#
#.# ...≈
..........<#.#.##
#.# ≈≈≈≈
................#
#.#######
####.#####.##...#
#.#......
#...........[#
#.#......
###..##.#....#
#.#......
.......#.#....#
#.#......


There were no monsters in sight!

Vanquished Creatures
  A bombardier beetle (D:4)
  4 adders (D:2)
  2 ribbon worms
  2 dart slugs (D:2)
  4 orcs
  3 endoplasms
  3 giant cockroaches
  6 goblins
  5 hobgoblins
  5 quokkas
  5 ball pythons
  7 bats
  2 kobolds (D:3)
  5 rats
54 creatures vanquished.

Notes
Turn   | Place    | Note
-------+----------+-------------------------------------------
     0 | D:1      | Kass the Kobold Hunter began the quest for the Orb.
     0 | D:1      | Reached XP level 1. HP: 12/12 MP: 1/1
   201 | D:1      | Reached XP level 2. HP: 18/18 MP: 2/2
   591 | D:2      | Reached XP level 3. HP: 22/22 MP: 3/3
   794 | D:2      | Reached XP level 4. HP: 22/27 MP: 4/4
  1531 | D:3      | Found a faded altar of an unknown god.
  1589 | D:3      | Prayed at the altar of an unknown god.
  1589 | D:3      | Became a worshipper of Lugonu the Unformed
  1589 | D:3      | Reached * piety under Lugonu
  1616 | D:3      | Reached skill level 6 in Ranged Weapons
  2134 | D:4      | Reached XP level 5. HP: 32/32 MP: 5/5
  2352 | D:4      | Slain by an orc wizard

Illustrated notes

Levels and vault maps discovered:
D:1:      lightli_iron_boxes, layout_rooms
D:2:      layout_rooms, corexii_leaking_fountain, amethyst_killhole
D:3:      layout_basic, dreamdust_ecumenical_altar_grove
D:4:      layout_basic, nemelex_dance_club_becter, serial_shops, shop,
          gup_sewer_entry_bowl, grunt_decor_mini_mirrors,
          chequers_serial_rivers_room_a, grunt_ministairs_9,
          eino_small_chamber_without_monster, serial_bayou_pond_b,
          serial_bayou_lake_a

Skill      XL: |  1  2  3  4 |
---------------+-------------+-----
Stealth        | 2 3 |  3.6
Dodging        | 3 |  3.7
Fighting       | 3 |  3.4
Ranged Weapons | 6 |  6.2

Action                     |  1- 3 |  4- 6 || total
---------------------------+-------+-------++-------
  Melee: Shortbow          |       |     2 ||     2
   Fire: Shortbow          |    64 |    89 ||   153
    Use: Potion            |       |     3 ||     3
 Armour: Leather armour    |    15 |    39 ||    54
  Dodge: Dodged            |    23 |    30 ||    53
